 Dungeon Crawl Stone Soup version 0.21-a0-210-gbfa5647 (webtiles) character file.

354 wolfsongas the Cudgeler (level 6, 0/44 HPs)
             Began as a Demonspawn Gladiator on Aug 21, 2017.
             Was an Initiate of Gozag.
             Slain by a slave (1 damage)
             ... led by Pikel
             ... on level 3 of the Dungeon.
             The game lasted 00:06:39 (4656 turns).

wolfsongas the Cudgeler (Demonspawn Gladiator)      Turns: 4656, Time: 00:06:40

Health: 0/44       AC:  8    Str: 21 (23) XL:     6   Next: 35%
Magic:  6/6        EV: 12    Int:  8 (11) God:    Gozag
Gold:   272        SH:  0    Dex: 12 (15) Spells: 5/5 levels left

rFire    . . .     SeeInvis .   a - +1 flail
rCold    + . .     Gourm    +   (no shield)
rNeg     . . .     Faith    .   b - +3 leather armour {rPois}
rPois    +         Spirit   .   (helmet restricted)
rElec    .         Reflect  .   (no cloak)
rCorr    .         Harm     .   (no gloves)
MR       .....                  (no boots)
Stlth    +.........             n - amulet of the gourmand
HPRegen  0.14/turn              (no ring)
MPRegen  0.10/turn              (no ring)

@: mighty, very slightly contaminated, invisible
A: antennae 1, hooves 1, icy blue scales 1, clever 1, cold resistance 1, foul
stench 1, strong 1, rot immunity
a: Potion Petition, Call Merchant, Bribe Branch, Renounce Religion


You were on level 3 of the Dungeon.
You worshipped Gozag.
Gozag was aware of your devotion.
You were not hungry.

You visited 1 branch of the dungeon, and saw 4 of its levels.

You collected 292 gold pieces.
You paid 20 gold pieces to Gozag.

Inventory:

Hand Weapons
 a - a +1 flail (weapon)
Missiles
 d - 3 throwing nets (quivered)
Armour
 b - a +3 leather armour of poison resistance (worn)
Jewellery
 n - an amulet of the gourmand (around neck)
Wands
 r - a wand of scattershot (2/9)
 t - a wand of digging (13/24)
 u - a wand of flame (19/48)
 w - a wand of confusion (18/48)
Scrolls
 h - a scroll of enchant weapon
Potions
 c - a potion of agility
 e - a potion of flight
 s - a potion of degeneration
 v - a potion of ambrosia {unknown}
 x - a potion of magic {unknown}
Comestibles
 f - 3 bread rations
 m - a royal jelly
 p - 4 fruits


   Skills:
 - Level 2.0 Fighting
 * Level 6.6 Maces & Flails
 - Level 1.7 Throwing
 - Level 2.6 Dodging


You had 5 spell levels left.
You didn't know any spells.

Dungeon Overview and Level Annotations

Branches:
Dungeon (4/15)
 Temple: D:4-7

Altars:
Cheibriados
Dithmenos
Elyvilon
Gozag
Kikubaaqudgha
Nemelex Xobeh
Trog
Zin

Annotations:
D:3 Pikel


Innate Abilities, Weirdness & Mutations

You have a pair of small antennae on your head.
You are partially covered in icy blue scales. (AC +2)
You may emit foul miasma when damaged in melee.
You are immune to rotting.
You have large cloven feet.
Your mind is acute. (Int +2)
Your flesh is cold resistant. (rC+)
Your muscles are strong. (Str +2)


Message History

You fade into invisibility!
The adder barely misses you. Pikel hits you with a whip of freezing.
* * * LOW HITPOINT WARNING * * *
Pikel freezes you.
* * * LOW HITPOINT WARNING * * *
The slave hits you but does no damage.
The slave looks sick.
The slave barely misses you.
You are very lightly contaminated with residual magic.
You feel very mighty all of a sudden. The adder bites you but does no damage.
Pikel hits you but does no damage. The slave hits you.
* * * LOW HITPOINT WARNING * * *
The slave closely misses you.
You closely miss Pikel. You kick Pikel.
Pikel is lightly wounded.
The adder barely misses you. Pikel hits you with a whip of freezing.
* * * LOW HITPOINT WARNING * * *
The slave hits you.
You die...
Your body crumbles into a pile of gold.

######### ##########
#.......# #........#
#.#####.#
#.######p#######.#####.###
#.# #...K@p..:.#.##.......
#.# #.##S#####....#.##.#.#
#.# #.##.# #...)..##.#.#
#.###.##.# #.........#.#
#........# ###.#######.#
#####.##### #.# #..
#.#...# #.# ### #.....#
##+## ###...# ##...##


You could see Pikel, 2 slaves and an adder.

Vanquished Creatures
  A slave (D:3)
  A phantom (D:4)
  2 orc wizards (D:3)
  Terence (D:3)
  8 adders
  2 oozes (D:1)
  2 worms (D:2)
  3 dart slugs
  4 leopard geckos
  5 orcs (D:3)
  2 ball pythons
  6 bats
  5 giant cockroaches
  12 goblins
  8 hobgoblins
  4 jackals (D:1)
  8 kobolds
  3 quokkas (D:3)
  4 frilled lizards
  13 rats
94 creatures vanquished.

Notes
Turn   | Place    | Note
-------+----------+-------------------------------------------
     0 | D:1      | wolfsongas the Demonspawn Gladiator began the quest for the Orb.
     0 | D:1      | Reached XP level 1. HP: 16/16 MP: 1/1
     5 | D:1      | Reached skill level 3 in Maces & Flails
   117 | D:1      | Gained mutation: You are immune to rotting. [demonic ancestry]
   117 | D:1      | Reached XP level 2. HP: 22/22 MP: 2/2
   449 | D:1      | Gained mutation: You may emit foul miasma when damaged in melee. [demonic ancestry]
   449 | D:1      | Reached XP level 3. HP: 15/27 MP: 3/3
   672 | D:1      | Reached skill level 4 in Maces & Flails
  1367 | D:2      | HP: 2/40 [poisoned by an adder]
  1484 | D:2      | Gained mutation: You are partially covered in icy blue scales. (AC +2) [demonic ancestry]
  1484 | D:2      | Reached XP level 4. HP: 7/33 MP: 4/4
  1850 | D:2      | Found an ancient bone altar of Kikubaaqudgha.
  1851 | D:2      | Found a snail-covered altar of Cheibriados.
  1853 | D:2      | Found a sparkling altar of Nemelex Xobeh.
  1853 | D:2      | Found a bloodstained altar of Trog.
  2549 | D:2      | Found a shadowy altar of Dithmenos.
  2561 | D:2      | Reached skill level 5 in Maces & Flails
  2925 | D:2      | Found an opulent altar of Gozag.
  2934 | D:2      | Became a worshipper of Gozag Ym Sagoz the Greedy
  3180 | D:2      | Gained mutation: You have a pair of small antennae on your head. [demonic ancestry]
  3180 | D:2      | Reached XP level 5. HP: 38/38 MP: 5/5
  3266 | D:2      | Found a glowing silver altar of Zin.
  3267 | D:2      | Noticed an angel
  3408 | D:3      | Found a white marble altar of Elyvilon.
  3477 | D:3      | Noticed Terence
  3484 | D:3      | Killed Terence
  3929 | D:3      | Reached skill level 6 in Maces & Flails
  4485 | D:4      | Reached XP level 6. HP: 44/44 MP: 6/6
  4617 | D:4      | Noticed a slave
  4617 | D:4      | Noticed a slave
  4618 | D:4      | Noticed Pikel
  4619 | D:4      | Noticed a slave
  4620 | D:4      | Noticed a slave
  4646 | D:3      | Killed a slave
  4653 | D:3      | Gained mutation: Your muscles are strong. (Str +2) [potion of mutation]
  4653 | D:3      | Gained mutation: Your flesh is cold resistant. (rC+) [potion of mutation]
  4653 | D:3      | Gained mutation: You have large cloven feet. [potion of mutation]
  4653 | D:3      | Gained mutation: Your mind is acute. (Int +2) [potion of mutation]
  4655 | D:3      | HP: 2/44 [slave[Pikel] (1)]
  4656 | D:3      | Slain by a slave

Vault maps used:
D:1:      lightli_iron_boxes, serial_forest, infiniplex_forest_clump_double,
          infiniplex_forest_side_room, infiniplex_forest_straight_2,
          infiniplex_forest_end_double, infiniplex_forest_lined_ring,
          infiniplex_forest_straight_2
D:2:      zin_angel, nicolae_dithmenos_shadow_blocks,
          chequers_temple_overflow_statue_of_worship, grunt_gozag_breadcrumbs
D:3:      elyvilon_altar_1, uniq_terence
D:4:      minmay_opposing_rooms, uniq_pikel, uniq_menkaure

Skill      XL: |  1  2  3  4  5 |
---------------+----------------+-----
Maces & Flails | 3 4 5 6 |  6.6
Fighting       | |  2.0
Throwing       | |  1.7
Dodging        | |  2.6

Action                   |  1- 3 |  4- 6 || total
-------------------------+-------+-------++-------
Melee: Flail             |   136 |   217 ||   353
       Kick              |       |     1 ||     1
  Use: Potion            |     3 |     6 ||     9
       Scroll            |       |     9 ||     9
 Stab: Sleeping          |       |     2 ||     2
  Eat: Bread ration      |     1 |       ||     1
       Meat ration       |       |     2 ||     2
       Chunk             |       |     1 ||     1
Armor: Leather armour    |    46 |    62 ||   108
       Skin              |    16 |       ||    16
       Ring mail         |       |     7 ||     7
Dodge: Dodged            |   111 |   150 ||   261

Table legend:
 A = Spawn XP
 B = Non-spawn XP
 C = Spawn XP percentage of total XP
 D = Spawn monster count
 E = Non-spawn monster count
 F = Spawn count percentage of total count
 G = Total turns spent on level
                    A         B        C        D         E        F      G
               +---------+---------+-------+---------+---------+-------+---------
         Total |      86 |     421 |  17.0 |      23 |      70 |  24.7 |  4656
               +---------+---------+-------+---------+---------+-------+---------
           D:1 |       9 |      63 |  12.5 |       6 |      29 |  17.1 |  1223
           D:2 |      46 |      80 |  36.5 |      11 |      22 |  33.3 |  2099
           D:3 |      31 |     150 |  17.1 |       6 |      16 |  27.3 |  1185
           D:4 |       0 |     128 |   0.0 |       0 |       3 |   0.0 |   149
               +---------+---------+-------+---------+---------+-------+---------
